 Dungeon Crawl Stone Soup version 0.29.0-5-ge4962eb29e (webtiles) character file.

Game seed: 4458284516269965620

295 themarg the Vexing (level 6, -2/51 HPs)
             Began as a Gnoll Wanderer on Aug 30, 2022.
             Slain by a river rat (8 damage)
             ... on level 3 of the Dungeon.
             The game lasted 00:16:08 (3699 turns).

themarg the Vexing (Gnoll Wanderer)                 Turns: 3699, Time: 00:16:08

Health: -2/51      AC:  3    Str: 17    XL:     6   Next: 34%
Magic:  4/4        EV: 11    Int:  8    God:
Gold:   112        SH:  0    Dex: 11    Spells: 12/15 levels left

rFire   . . .      SeeInvis .   c - +2 trident (antimagic)
rCold   . . .      Faith    .   (no shield)
rNeg    . . .      Spirit   .   d - +0 leather armour
rPois   .          Reflect  .   (no helmet)
rElec   .          Harm     .   (no cloak)
rCorr   .          Rampage  .   (no gloves)
Will    .....                   (no boots)
Stlth   ++........              o - amulet of regeneration
HPRegen 0.97/turn               (no ring)
MPRegen 0.09/turn               (no ring)

@: no status effects
A: fangs 1, strong nose, distributed training
a: no special abilities


You were on level 3 of the Dungeon.
You visited 1 branch of the dungeon, and saw 3 of its levels.
You also visited: Sewer.

You collected 112 gold pieces.

Inventory:

Hand Weapons
 c - a +2 antimagic trident (weapon)
 k - a +0 short sword
Armour
 d - a +0 leather armour (worn)
 n - a +0 kite shield
Jewellery
 o - an amulet of regeneration (around neck)
Scrolls
 a - 3 scrolls of identify {unknown}
 b - 2 scrolls of blinking
 f - a scroll of noise {unknown}
 g - a scroll of vulnerability {unknown}
 h - a scroll of enchant armour {unknown}
 m - a scroll of fog {unknown}
Potions
 e - a potion of brilliance {unknown}
 i - a potion of ambrosia {unknown}
 j - a potion of haste {unknown}
 l - 3 potions of magic {unknown}
 p - a potion of heal wounds {unknown}


   Skills:
 + Level 5.0 Fighting
 + Level 2.0 Short Blades
 + Level 2.0 Long Blades
 + Level 2.0 Axes
 + Level 2.0 Maces & Flails
 + Level 2.0 Polearms
 + Level 2.0 Staves
 + Level 2.0 Ranged Weapons
 + Level 3.2 Throwing
 + Level 2.0 Armour
 + Level 2.0 Dodging
 + Level 2.0 Stealth
 + Level 2.0 Shields
 + Level 3.2 Unarmed Combat
 + Level 5.4 Spellcasting
 + Level 1.5 Conjurations
 + Level 5.6 Hexes
 + Level 1.5 Summonings
 + Level 1.5 Necromancy
 + Level 1.5 Translocations
 + Level 1.5 Transmutations
 + Level 1.5 Fire Magic
 + Level 1.5 Ice Magic
 + Level 1.5 Air Magic
 + Level 1.5 Earth Magic
 + Level 1.5 Poison Magic
 + Level 2.2 Invocations
 + Level 3.2 Evocations


You had 12 spell levels left.
You knew the following spells:

 Your Spells              Type           Power      Damage    Failure   Level
a - Slow                  Hex            44%        N/A       3%          1
b - Ensorcelled Hibernat  Hex/Ice        14%        N/A       11%         2

Your spell library contained the following spells:

 Spells                   Type           Power      Damage    Failure   Level
 Summon Guardian Golem    Hex/Summ       7%         N/A       21%         3
 Passwall                 Tmut/Erth      3%         N/A       24%         2
 Swiftness                Air            4%         N/A       43%         3
 Anguish                  Hex/Necr       3%         N/A       56%         4


Dungeon Overview and Level Annotations

Branches:
Dungeon (3/15)              Sewer (visited)

Altars:

Shops:
D:1 *


Innate Abilities, Weirdness & Mutations

You have very sharp teeth.
Your uncanny sense of smell can sniff out nearby items.
Your experience applies equally to all skills.


Message History

The river rat is moderately wounded.
The river rat bites you.
You completely miss the river rat.
The river rat is moderately wounded.
The river rat bites you.
You hit the river rat.
The river rat is heavily wounded.
The river rat bites you.
Your unstable footing causes you to fumble your attack.
The river rat bites you.
The river rat bites you but does no damage.
The river rat closely misses you. The river rat attacks as you move away!
The river rat barely misses you. The river rat bites you!
The river rat misses you. The river rat attacks as you move away!
The river rat bites you.
* * * LOW HITPOINT WARNING * * *
The river rat barely misses you. The river rat attacks as you move away!
The river rat bites you!
* * * LOW HITPOINT WARNING * * *
The river rat bites you but does no damage.
The river rat barely misses you.
You puncture the river rat!
The river rat is almost dead.
The river rat misses you.
You hit the river rat but do no damage.
The river rat is almost dead.
The river rat barely misses you.
You barely miss the river rat.
The river rat is almost dead.
The river rat barely misses you. The river rat bites you!
* * * LOW HITPOINT WARNING * * *
You closely miss the river rat.
The river rat is almost dead.
The river rat bites you!
* * * LOW HITPOINT WARNING * * *
You closely miss the river rat.
The river rat is almost dead.
The river rat bites you!
You die...

###...#
#...~~#########
#..~~~#.~~~~รท~#
#...#~#######~##
#..~~~#~~~~~~~~#
###r.~#~#~######## .
#...~~~~#~~~~~##~#
..##.#..r#~#~#~#~~~~#
.......@~#~#~#~######
.........#~~~#~~~~~~#
..(......############
.#.........#
#.........#
#......)<.#
#....?....#
###########


You could see 2 river rats.

Vanquished Creatures
  2 bullfrogs (Sewer)
  A river rat (D:3)
  6 adders
  2 worms (D:3)
  3 dart slugs (D:1)
  11 ball pythons
  9 endoplasms
  5 giant cockroaches (Sewer)
  2 goblins
  3 hobgoblins
  A jackal (D:2)
  13 quokkas
  4 bats (D:1)
  14 frilled lizards
  6 kobolds
  7 rats
89 creatures vanquished.

Notes
Turn   | Place    | Note
-------+----------+-------------------------------------------
     0 | D:1      | themarg the Gnoll Wanderer began the quest for the Orb.
     0 | D:1      | themarg set off with the following items: a +0 club, a
                  | potion of lignification, a scroll of fear, a +0 leather
                  | armour, a potion of curing; and the following spell
                  | memorised: Slow; and the following spells available to
                  | memorise: Summon Guardian Golem, Anguish.
     0 | D:1      | Reached XP level 1. HP: 20/20 MP: 6/6
     2 | D:1      | Noticed a draconian
     2 | D:1      | Noticed a spriggan
     4 | D:1      | Noticed a vampire
     4 | D:1      | Noticed a vine stalker
     6 | D:1      | Noticed a demigod
     6 | D:1      | Noticed a meteoran
     8 | D:1      | Noticed an elf
     8 | D:1      | Noticed a formicid
    10 | D:1      | Noticed a human
    10 | D:1      | Noticed a palentonga
    12 | D:1      | Noticed an octopode
    14 | D:1      | Noticed a troll
    14 | D:1      | Noticed an ogre
    16 | D:1      | Noticed a gargoyle
    16 | D:1      | Noticed a tengu
    18 | D:1      | Noticed a felid
    20 | D:1      | Noticed a ghoul
    22 | D:1      | Noticed a minotaur
    22 | D:1      | Noticed a merfolk
    24 | D:1      | Noticed a demonspawn
    26 | D:1      | Noticed a spriggan
    26 | D:1      | Noticed a troll
   283 | D:1      | Reached XP level 2. HP: 9/26 MP: 7/7
   297 | D:1      | HP: 1/26 [frilled lizard (1)]
   899 | D:1      | Found Vuont's Assorted Antiques.
  1104 | D:1      | Reached skill level 5 in Spellcasting
  1104 | D:1      | Reached XP level 3. HP: 16/31 MP: 6/9
  1582 | D:1      | Found a faded altar of an unknown god.
  1814 | D:2      | Reached skill level 1 in Invocations
  1844 | D:2      | Reached skill level 1 in Short Blades
  1844 | D:2      | Reached skill level 1 in Long Blades
  1844 | D:2      | Reached skill level 1 in Axes
  1844 | D:2      | Reached skill level 1 in Maces & Flails
  1844 | D:2      | Reached skill level 1 in Polearms
  1844 | D:2      | Reached skill level 1 in Staves
  1844 | D:2      | Reached skill level 1 in Ranged Weapons
  1844 | D:2      | Reached skill level 1 in Armour
  1844 | D:2      | Reached skill level 1 in Dodging
  1844 | D:2      | Reached skill level 1 in Stealth
  1844 | D:2      | Reached skill level 1 in Shields
  2278 | D:2      | Reached XP level 4. HP: 38/38 MP: 11/11
  2841 | D:2      | Learned a level 2 spell: Ensorcelled Hibernation
  2866 | D:3      | Reached skill level 1 in Conjurations
  2866 | D:3      | Reached skill level 1 in Summonings
  2866 | D:3      | Reached skill level 1 in Necromancy
  2866 | D:3      | Reached skill level 1 in Translocations
  2866 | D:3      | Reached skill level 1 in Transmutations
  2866 | D:3      | Reached skill level 1 in Fire Magic
  2866 | D:3      | Reached skill level 1 in Ice Magic
  2866 | D:3      | Reached skill level 1 in Air Magic
  2866 | D:3      | Reached skill level 1 in Earth Magic
  2866 | D:3      | Reached skill level 1 in Poison Magic
  3137 | D:3      | Reached XP level 5. HP: 19/43 MP: 12/12
  3140 | D:3      | Found a glowing drain.
  3158 | Sewer    | Entered a sewer
  3554 | Sewer    | Reached XP level 6. HP: 14/50 MP: 11/13
  3567 | Sewer    | Reached skill level 5 in Fighting
  3699 | D:3      | Slain by a river rat

Illustrated notes

Levels and vault maps discovered:
D:1:      kb_arrival_jail, layout_basic, serial_shops, nicolae_shop_trees,
          shapermc_ecumenical_altar_mp_vishouse, minmay_tripent
D:2:      minmay_skewed_foursquare, layout_loops_ring
D:3:      minmay_goblin_kobold_castle, layout_rooms,
          grunt_temple_overflow_order_and_chaos_2, grunt_qazlal_sundering,
          nicolae_tso_carved_into_rock, lightli_sewer_entry_pipes

Skill      XL: |  1  2  3  4  5  6 |
---------------+-------------------+-----
Spellcasting   | 5 |  5.4
Invocations    | 1 2 |  2.2
Short Blades   | 1 2 |  2.0
Long Blades    | 1 2 |  2.0
Axes           | 1 2 |  2.0
Maces & Flails | 1 2 |  2.0
Polearms       | 1 2 |  2.0
Staves         | 1 2 |  2.0
Ranged Weapons | 1 2 |  2.0
Armour         | 1 2 |  2.0
Dodging        | 1 2 |  2.0
Stealth        | 1 2 |  2.0
Shields        | 1 2 |  2.0
Conjurations   | 1 |  1.5
Summonings     | 1 |  1.5
Necromancy     | 1 |  1.5
Translocations | 1 |  1.5
Transmutations | 1 |  1.5
Fire Magic     | 1 |  1.5
Ice Magic      | 1 |  1.5
Air Magic      | 1 |  1.5
Earth Magic    | 1 |  1.5
Poison Magic   | 1 |  1.5
Throwing       | 3 |  3.2
Unarmed Combat | 3 |  3.2
Evocations     | 3 |  3.2
Fighting       | 5 |  5.0
Hexes          | |  5.6

Action                   |  1- 3 |  4- 6 || total
-------------------------+-------+-------++-------
Melee: Club              |    90 |       ||    90
       Bite              |    14 |    35 ||    49
       Punch             |     2 |     7 ||     9
       Short sword       |    85 |   397 ||   482
       Trident           |       |    35 ||    35
 Cast: Slow              |    34 |    29 ||    63
       Ensorcelled Hiber |       |     3 ||     3
  Use: Potion            |     2 |     1 ||     3
       Scroll            |       |     1 ||     1
Armor: Leather armour    |    63 |    78 ||   141
       Skin              |       |    54 ||    54
Dodge: Dodged            |   157 |   232 ||   389
